 Dungeon Crawl Stone Soup version 0.29.1-15-g9cfb28693d (webtiles) character file.

Game seed: 186180946221432416

14555 112233 the Thaumaturge (level 11, -3/64 HPs)
             Began as a Deep Elf Fire Elementalist on Feb 24, 2023.
             Was a Priest of Vehumet.
             Slain by a gargoyle
             ... wielding a +0 flail
              (6 damage)
             ... on level 11 of the Dungeon.
             The game lasted 00:22:27 (16619 turns).

112233 the Thaumaturge (DEFE)                      Turns: 16619, Time: 00:22:27

Health: -3/64      AC: 10    Str: 12    XL:     11   Next: 90%
Magic:  5/31       EV: 16    Int: 31    God:    Vehumet [***...]
Gold:   307        SH:  5    Dex: 11    Spells: 24/39 levels left

rFire   + . .      SeeInvis .   k - +6 quarterstaff "Zycseny" {venom, rElec Str+7 Dex-4 Stlth+}
rCold   . . .      Faith    .   (shield currently unavailable)
rNeg    . . .      Spirit   .   y - +1 robe {rF+}
rPois   .          Reflect  +   f - +0 hat "Guimorec" {rElec Will+ Regen+ Slay+3}
rElec   +          Harm     .   (no cloak)
rCorr   .          Rampage  .   o - +2 pair of gloves
Will    ++...                   (no boots)
Stlth   +++.......              j - amulet of reflection
HPRegen 1.00/turn               h - +4 ring of protection
MPRegen 0.22/turn               g - +6 ring of intelligence

@: no status effects
A: no striking features
a: Renounce Religion


You were on level 11 of the Dungeon.
You worshipped Vehumet.
Vehumet was most pleased with you.
You visited 3 branches of the dungeon, and saw 15 of its levels.

You collected 672 gold pieces.
You spent 365 gold pieces at shops.

Inventory:

Hand Weapons
 k - the +6 quarterstaff "Zycseny" (weapon) {venom, rElec Str+7 Dex-4 Stlth+}
   (You bought it in a shop on level 6 of the Dungeon)

   It poisons the flesh of those it strikes.
   Str:       It affects your strength (+7).
   Dex:       It affects your dexterity (-4).
   rElec:     It insulates you from electricity.
   Stlth:     It makes you more stealthy.
 M - the +5 long sword of Ignis, Loving {elec, rC+}
   (You found it on level 12 of the Dungeon)

   It occasionally discharges a powerful burst of electricity upon striking a
   foe.
   rC:        It protects you from cold.
Missiles
 L - a curare-tipped dart
Armour
 a - a +0 robe
 d - a +0 buckler
 f - the +0 hat "Guimorec" (worn) {rElec Will+ Regen+ Slay+3}
   (You acquired it on level 10 of the Dungeon)

   Slay:      It affects your accuracy & damage with ranged weapons and melee
   (+3).
   rElec:     It insulates you from electricity.
   Regen:     It increases your rate of health regeneration.
   Will:      It increases your willpower.
 o - a +2 pair of gloves (worn)
 x - a +0 robe of cold resistance
 y - a +1 robe of fire resistance (worn)
 J - a +0 pair of gloves
Jewellery
 g - a +6 ring of intelligence (right hand)
 h - a +4 ring of protection (left hand)
 j - an amulet of reflection (around neck)
 u - a ring of protection from cold
 w - a +4 ring of slaying
 C - a ring of see invisible
 N - a ring of poison resistance
Wands
 t - a wand of light (14)
 B - a wand of paralysis (4)
 D - a wand of flame (9)
 E - a wand of mindburst (19)
 F - a wand of polymorph (11)
Scrolls
 c - 2 scrolls of enchant armour
 e - 2 scrolls of fog
 p - 4 scrolls of magic mapping
 q - 2 scrolls of poison
 r - 3 scrolls of noise
 v - 2 scrolls of immolation
 z - a scroll of torment
 A - 2 scrolls of amnesia
 G - a scroll of vulnerability
Potions
 b - 2 potions of magic
 i - 2 potions of lignification
 l - 2 potions of might
 m - a potion of flight
 n - 4 potions of curing
 s - a potion of cancellation
 H - a potion of ambrosia
 I - 2 potions of brilliance
Miscellaneous
 K - a lightning rod (4/4)


   Skills:
 + Level 6.1 Fighting
 + Level 12.0 Dodging
 - Level 3.5 Stealth
 + Level 14.8 Spellcasting
 + Level 8.1 Conjurations
 - Level 7.4 Fire Magic
 + Level 2.3 Earth Magic


You had 24 spell levels left.
You knew the following spells:

 Your Spells              Type           Power      Damage    Failure   Level
a - Foxfire               Conj/Fire      100%       2x1d9     1%          1
b - Scorch                Fire           100%       2d10      1%          2
c - Flame Wave            Conj/Fire      63%        2d15      1%          4
d - Stone Arrow           Conj/Erth      100%       3d13      1%          3
e - Fulminant Prism       Conj/Hex       24%        3d13      1%          4
f - Apportation           Tloc           44%        N/A       1%          1

Your spell library contained the following spells:

 Spells                   Type           Power      Damage    Failure   Level
 Ignite Poison            Fire/Tmut/Pois 38%        N/A       1%          3
 Magic Dart               Conj           100%       1d8       1%          1
 Necrotise                Necr           88%        1d8       1%          1
 Sandblast                Erth           74%        2d16      1%          1
 Summon Small Mammal      Summ           88%        N/A       1%          1
 Passwall                 Tmut/Erth      25%        N/A       1%          2
 Searing Ray              Conj           100%       2d8       1%          2
 Conjure Flame            Conj/Fire      63%        6-21      1%          3
 Frozen Ramparts          Ice            44%        1d7       1%          3
 Inner Flame              Hex/Fire       45%        N/A       1%          3
 Hailstorm                Conj/Ice       48%        3d11      1%          4
 Call Canine Familiar     Summ           22%        N/A       6%          3
 Confusing Touch          Hex            22%        N/A       6%          3
 Portal Projectile        Hex/Tloc       44%        N/A       6%          3
 Leda's Liquefaction      Hex/Erth       15%        N/A       12%         4
 Yara's Violent Unravell  Hex/Tmut       11%        3d6       16%         5
 Animate Dead             Necr           22%        N/A       21%         4
 Ice Form                 Ice/Tmut       22%        N/A       21%         4
 Borgnjor's Vile Clutch   Necr/Erth      15%        N/A       34%         5
 Death Channel            Necr           11%        N/A       97%         6
 Simulacrum               Ice/Necr       11%        N/A       97%         6
 Ozocubu's Refrigeration  Ice            11%        4d9       98%         7
 Enfeeble                 Hex            11%        N/A       100%        7


Dungeon Overview and Level Annotations

Branches:
Dungeon (12/15)            Temple (1/1) D:5            Lair (2/5) D:8
    Orc (0/2) D:11
  Swamp: Lair:2-3    Shoals: Lair:2-3     Snake: Lair:2-3    Spider: Lair:2-3

Altars:
Ashenzari
Cheibriados
Dithmenos
Elyvilon
Fedhas
Gozag
Kikubaaqudgha
Makhleb
Nemelex Xobeh
Okawaru
Qazlal
Ru
Sif Muna
Trog
Uskayaw
Vehumet
Wu Jian
Xom
Yredelemnul
Zin
The Shining One

Shops:
D:4 [   D:6 ([(*

Annotations:
D:7 exclusion: downstairs
D:10 1 runed translucent door, LaMa's ghost, journeyman MfIE
D:11 exclusion: downstairs
Lair:1 Gastronok


Message History

The flame wave engulfs the troll!
The troll is moderately wounded.
The flame wave engulfs the orc warrior!
The orc warrior is heavily wounded.
You finish channelling waves of flame.
The gargoyle hurls a stone arrow at you.
The stone arrow hits you!
* * * LOW HITPOINT WARNING * * *
Unknown command.
Unknown command.
Casting: Flame Wave (safe; 1% risk of failure)
Confirm with . or Enter, or press ? or * to list all spells.
Casting: Flame Wave (safe; 1% risk of failure)
Press: ? - help, Dir - look around, f - activate A wave of flame ripples out! (Press . to intensify the flame waves.)
The orc warrior hits you but does no damage.
An orc wizard comes into view. It is wielding a +0 dagger.
Unknown command.
A wave of flame ripples out!
The flame wave engulfs the gargoyle.
The gargoyle is almost destroyed.
The flame wave engulfs the orc warrior!
The orc warrior is almost dead.
The orc warrior hits you from afar with a +0 halberd.
* * * LOW HITPOINT WARNING * * *
The gargoyle barely misses you.
Unknown command.
Unknown command.
A wave of flame ripples out!
The flame wave engulfs the gargoyle but does no damage.
The gargoyle is almost destroyed.
The flame wave engulfs the yak!
The yak is moderately wounded.
The flame wave engulfs the orc warrior!
You kill the orc warrior!
Vehumet accepts your kill.
You feel your power returning.
You finish channelling waves of flame.
You hear two shouts!
The gargoyle hits you with a +0 flail.
You die...

#.......##.............#
##########.....#######.#
#####.........#
#...#≈~~~~~≈~≈#
#...#≈≈≈≈~≈≈≈≈#
#...#8≈≈≈≈~≈≈8#
#...#####'#####
#...#.....)...+
#..@#.........#
#..)9Y†#####..# #...#).#
..+ #####†.)...Y.?#
.'..†o.....#
...#####'##'# #.$. .#
#.. # #..


You could see a yak, a gargoyle and an orc wizard.

Vanquished Creatures
  3 two-headed ogres
  A flayed ghost (D:11)
  An ugly thing (D:11)
  A cyclops (D:12)
  A black mamba (Lair:1)
  3 unseen horrors
  A kobold demonologist (D:12)
  A komodo dragon (Lair:1)
  A rime drake (Lair:1)
  A troll (D:11)
  Prince Ribbit (D:5)
  A hornet (D:8)
  Sigmund (D:2)
  13 yaks
  2 shadows (D:11)
  Eustachio (D:4)
  6 wyverns
  3 vampire mosquitoes (D:11)
  A basilisk (Lair:1)
  A warg (D:11)
  5 water moccasins
  An ice beast (D:5)
  6 orc warriors
  2 black bears
  2 sky beasts
  2 centaurs
  5 wolves (Lair:1)
  A phantom (D:4)
  5 kobold brigands
  8 bullfrogs
  4 scorpions
  3 wights (D:10)
  3 killer bees (D:9)
  An electric eel (Lair:2)
  7 howler monkeys
  A gnoll bouda (D:7)
  2 jellies
  6 orc priests
  4 hounds (D:5)
  3 iguanas
  16 orc wizards
  Natasha (twice) (D:2)
  A mummy (D:4)
  12 gnolls
  9 adders
  2 white imps
  An ufetubus (D:4)
  2 worms
  3 dart slugs (D:1)
  34 orcs
  8 ball pythons
  2 endoplasms
  5 giant cockroaches
  10 goblins
  11 hobgoblins
  5 jackals
  24 kobolds
  3 quokkas
  5 bats
  2 frilled lizards (D:1)
  2 goblin skeletons (D:3)
  2 hobgoblin zombies (D:3)
  2 kobold skeletons (D:3)
  A kobold zombie (D:3)
  2 orc skeletons (D:3)
  2 orc zombies (D:3)
  3 rats
286 creatures vanquished.

Vanquished Creatures (collateral kills)
  3 foxfires
3 creatures vanquished.

Vanquished Creatures (others)
  689 foxfires
  A fulminant prism (D:11)
  6 fungi
  15 plants
711 creatures vanquished.

Grand Total: 1000 creatures vanquished

Notes
Turn   | Place    | Note
-------+----------+-------------------------------------------
     0 | D:1      | 112233 the Deep Elf Fire Elementalist began the quest for
                  | the Orb.
     0 | D:1      | Reached XP level 1. HP: 10/10 MP: 6/6
   343 | D:1      | Reached XP level 2. HP: 15/15 MP: 5/8
   395 | D:1      | Reached skill level 4 in Spellcasting
   432 | D:1      | Learned a level 2 spell: Scorch
  1081 | D:1      | Found a faded altar of an unknown god.
  1101 | D:1      | Reached XP level 3. HP: 19/19 MP: 8/11
  1311 | D:1      | Reached skill level 5 in Spellcasting
  1682 | D:2      | Noticed Sigmund
  1699 | D:2      | Killed Sigmund
  1700 | D:2      | Reached skill level 8 in Spellcasting
  1700 | D:2      | Reached XP level 4. HP: 5/24 MP: 3/16
  1700 | D:2      | Reached XP level 5. HP: 6/28 MP: 3/17
  2354 | D:2      | Noticed Natasha
  2368 | D:2      | Killed Natasha
  2523 | D:2      | Noticed Natasha
  2529 | D:2      | Killed Natasha
  2530 | D:2      | Reached XP level 6. HP: 32/32 MP: 14/19
  2599 | D:2      | Learned a level 1 spell: Apportation
  3345 | D:3      | Found a glowing golden altar of the Shining One.
  3503 | D:3      | Found a shimmering altar of Xom.
  3510 | D:3      | Found an ornate altar of the Wu Jian Council.
  4233 | D:4      | Reached skill level 9 in Spellcasting
  4328 | D:4      | Noticed Eustachio
  4342 | D:5      | Entered Level 5 of the Dungeon
  4544 | D:5      | Found a sparkling altar of Nemelex Xobeh.
  4624 | D:5      | Found a sacrificial altar of Ru.
  4635 | D:5      | Reached skill level 10 in Spellcasting
  4737 | D:5      | Reached XP level 7. HP: 36/36 MP: 19/22
  5071 | D:5      | Noticed Prince Ribbit
  5081 | D:5      | Killed Prince Ribbit
  5082 | D:5      | Reached skill level 11 in Spellcasting
  5096 | D:5      | Learned a level 4 spell: Flame Wave
  5340 | D:5      | Found a staircase to the Ecumenical Temple.
  5355 | Temple   | Entered the Ecumenical Temple
  5448 | Temple   | Became a worshipper of Vehumet
  5853 | D:5      | Reached XP level 8. HP: 42/42 MP: 19/25
  6075 | D:4      | Reached skill level 1 in Fighting
  6248 | D:4      | Killed Eustachio
  6322 | D:4      | Found Diup's Armour Shoppe.
  6351 | D:4      | Reached skill level 12 in Spellcasting
  6747 | D:4      | Reached * piety under Vehumet
  6747 | D:4      | Offered knowledge of Freeze by Vehumet.
  6756 | D:4      | Reached skill level 5 in Dodging
  6952 | D:6      | Found Kivoqer's Antique Weapon Shop.
  7124 | D:6      | Found Haempem's Antique Weapon Shoppe.
  7133 | D:6      | Found Yligrilo's Antique Armour Emporium.
  7154 | D:6      | Found Utwiuv's Assorted Antiques.
  7163 | D:6      | Bought a marble ring for 140 gold pieces
  8494 | D:7      | Reached XP level 9. HP: 49/49 MP: 21/27
  8524 | D:7      | Found a hide-covered altar of Uskayaw.
  8867 | D:8      | Found a staircase to the Lair.
  9200 | D:8      | Reached ** piety under Vehumet
  9200 | D:8      | Offered knowledge of Shock by Vehumet.
  9898 | Lair:1   | Entered Level 1 of the Lair of Beasts
  9925 | Lair:1   | Reached skill level 5 in Conjurations
  9955 | Lair:1   | Noticed a black mamba
  9969 | Lair:1   | Reached skill level 13 in Spellcasting
  9988 | Lair:1   | Killed a black mamba
 10256 | Lair:1   | Noticed a komodo dragon
 10474 | D:6      | Bought a smoking quarterstaff for 225 gold pieces
 10474 | D:6      | Identified the +6 quarterstaff "Zycseny" {venom, rElec
                  | Str+7 Dex-4 Stlth+} (You bought it in a shop on level 6 of
                  | the Dungeon)
 10909 | D:9      | Reached XP level 10. HP: 38/56 MP: 11/29
 11837 | D:9      | Found a snail-covered altar of Cheibriados.
 12339 | D:9      | Reached skill level 10 in Dodging
 12647 | D:10     | Entered Level 10 of the Dungeon
 12756 | D:10     | Noticed a two-headed ogre
 12995 | Lair:1   | Noticed Gastronok
 13284 | Lair:1   | Noticed a cane toad
 13284 | Lair:1   | Noticed a boulder beetle
 13350 | Lair:1   | Offered knowledge of Dazzling Flash by Vehumet.
 13371 | Lair:1   | Learned a level 4 spell: Fulminant Prism
 13488 | Lair:1   | Reached skill level 5 in Fire Magic
 13574 | Lair:1   | You fall into a shaft and drop 1 floor!
 13634 | Lair:2   | Noticed a five-headed hydra
 13641 | Lair:2   | Noticed a cane toad
 13699 | Lair:2   | Reached skill level 5 in Fighting
 13950 | D:10     | Identified a scroll of acquirement
 13951 | D:10     | Acquired the +0 hat "Guimorec" {rElec Will+ Regen+ Slay+3}
 14055 | D:10     | Found a runed translucent door.
 14056 | D:10     | Identified the +4 trident "Spiderslayer" {spect, Will+}
 14059 | D:10     | Noticed LaMa's ghost (journeyman MfIE)
 14103 | D:10     | Found Gamiaq's Serpentskin Sales.
 14106 | D:10     | Reached *** piety under Vehumet
 14107 | D:10     | Reached skill level 14 in Spellcasting
 14243 | D:10     | Noticed a gargoyle
 14275 | D:11     | Reached XP level 11. HP: 39/63 MP: 24/31
 14403 | D:11     | Noticed a two-headed ogre
 14463 | D:10     | Killed a two-headed ogre
 14603 | D:10     | Noticed a two-headed ogre
 14656 | D:11     | Noticed a two-headed ogre
 14690 | D:10     | Noticed a spriggan rider
 14732 | D:10     | Found an iron altar of Okawaru.
 14732 | D:10     | You fall into a shaft and drop 1 floor!
 14785 | D:11     | Found a staircase to the Orcish Mines.
 14948 | D:11     | Noticed a two-headed ogre
 14980 | D:10     | Got the Volume of Ice
 14999 | D:10     | Identified the +1 leather armour "Cuex" {rElec}
 15125 | D:11     | Offered knowledge of Ignite Poison by Vehumet.
 16021 | D:12     | Identified the +5 long sword of Ignis, Loving {elec, rC+}
 16294 | D:11     | Killed a two-headed ogre
 16557 | D:11     | Noticed a flayed ghost
 16565 | D:11     | Killed a flayed ghost
 16582 | D:11     | Learned a level 3 spell: Stone Arrow
 16592 | D:11     | Noticed a cyan ugly thing
 16594 | D:11     | Noticed a two-headed ogre
 16597 | D:11     | Reached skill level 1 in Earth Magic
 16598 | D:11     | Killed a cyan ugly thing
 16604 | D:11     | Killed a two-headed ogre
 16618 | D:11     | HP: 2/64 [orc warrior/+0 halberd (5)]
 16619 | D:11     | Slain by a gargoyle

Illustrated notes

Levels and vault maps discovered:
D:1:      scummos_arrival_simple_fountains, layout_basic,
          shapermc_ecumenical_altar_gd, minivault_14
D:2:      layout_loops_cross, kennysheep_generic_room_6, uniq_natasha,
          uniq_sigmund
D:3:      layout_basic, nicolae_tso_besieged_by_evil,
          mainiacjoe_overflow_large_starburst, grunt_decor_fettered
D:4:      layout_basic, gup_ossuary_entry_pyramid, serial_shops, shop,
          kennysheep_opposing_triangles, uniq_eustachio
D:5:      layout_basic, nicolae_ru_great_annihilating_truth,
          nemelex_xobeh_ov_fountains_minmay, minmay_temple_entry_trees,
          uniq_prince_ribbit1
D:6:      layout_loops_ring, serial_shops, shop, shop_fountains,
          nicolae_inconvenience_store, shop_fountains
D:7:      layout_basic, mainiacjoe_overflow_alcove_1, enter_bailey_3
D:8:      layout_rooms, dpeg_oklobed_lair, kennysheep_generic_room_9
D:9:      layout_basic, marbit_many_paths, minmay_crystal_room
D:10:     nzn_winding_woodlands_medium [nzn_winding_woodlands_5x5_checkerboard,
          nzn_winding_woodlands_5x15_river_crossing,
          nzn_winding_woodlands_5x5_perimeter, nzn_winding_woodlands_5x5_cross,
          nzn_winding_woodlands_center_triple_pond,
          nzn_winding_woodlands_5x5_three, nzn_winding_woodlands_5x5_default,
          nzn_winding_woodlands_5x15_concentric,
          nzn_winding_woodlands_5x5_default], layout_basic, okawaru_trees_2,
          ebering_ghost_funeral_grove, guppyfry_shop_venom
D:11:     layout_rooms, david_orc_3, evilmike_minifort
D:12:     layout_layer_cave
Temple:   eino_narrow_crystal_temple
Lair:1:   hellmonk_destroyed_diamonds, layout_chaotic_city, uniq_gastronok
Lair:2:   layout_loops_ring, infiniplex_staircase_pool

Skill      XL: |  1  2  3  4  5  6  7  8  9 10 11 |
---------------+----------------------------------+-----
Spellcasting   | 4 8 10 11 12 13 14 | 14.8
Dodging        | 3 6 9 11 12 | 12.0
Fighting       | 2 4 5 6 |  6.1
Conjurations   | 3 5 6 8 |  8.1
Fire Magic     | 5 7 |  7.4
Stealth        | 3 |  3.5
Earth Magic    | 2 |  2.3

Action                   |  1- 3 |  4- 6 |  7- 9 | 10-12 || total
-------------------------+-------+-------+-------+-------++-------
Melee: Unarmed           |       |       |     1 |       ||     1
       Quarterstaff      |       |       |       |     2 ||     2
 Cast: Foxfire           |    78 |   131 |   117 |    97 ||   423
       Scorch            |     4 |    11 |    90 |   111 ||   216
       Flame Wave        |       |       |    18 |    28 ||    46
       Apportation       |       |       |     1 |     7 ||     8
       Fulminant Prism   |       |       |       |     1 ||     1
Evoke: Wand              |       |       |     5 |     3 ||     8
  Use: Potion            |     3 |     2 |     1 |     4 ||    10
       Scroll            |       |       |    14 |    13 ||    27
Armor: Robe              |     3 |    12 |    47 |    42 ||   104
Dodge: Dodged            |    15 |    15 |   100 |   132 ||   262
Block: Other             |       |       |    42 |    49 ||    91
       Reflection        |       |       |       |     4 ||     4
